 Dungeon Crawl Stone Soup version 0.32-a0-5-gbffa963729 (webtiles) character file.

Game seed: 10441473309730743141

158 tilp the Vexing (level 5, -2/37 HPs)
             Began as a Vampire Enchanter on Jan 13, 2024.
             Hit by a boomerang thrown by an orc (3 damage)
             ... on level 3 of the Dungeon.
             The game lasted 00:04:08 (2415 turns).

tilp the Vexing (Vampire Enchanter)                 Turns: 2415, Time: 00:04:09

Health: -2/37      AC:  5    Str:  7    XL:     5   Next: 16%
Magic:  1/8        EV: 18    Int: 19    God:
Gold:   150        SH:  0    Dex: 15    Spells: 3/8 levels left

rFire   . . .        a - +1 dagger
rCold   . . .        (no shield)
rNeg    . . .        g - +0 robe
rPois   .            f - +0 helmet
rElec   .            i - +1 cloak {Will+}
rCorr   .            (no gloves)
SInv    +            (no boots)
Will    ++...        (no amulet)
Stlth   +++          d - ring of willpower
HPRegen 0.46/turn    k - +5 ring of evasion
MPRegen 0.11/turn

%: no passive effects
@: about to teleport, healing quickly
A: alive, fangs 3, see invisible, vampiric 2
a: Exsanguinate


You were on level 3 of the Dungeon.
You visited 1 branch of the dungeon, and saw 3 of its levels.

You collected 150 gold pieces.

Inventory:

Hand Weapons
 a - a +1 dagger (weapon)
 b - a +1 antimagic dagger
Missiles
 m - 7 poisoned darts (quivered)
Armour
 f - a +0 helmet (worn)
 g - a +0 robe (worn)
 i - a +1 cloak of willpower (worn)
Jewellery
 d - a ring of willpower (left hand)
 k - a +5 ring of evasion (right hand)
Scrolls
 h - a scroll of poison
Potions
 c - 2 potions of invisibility
 l - 2 potions of attraction {unknown}


   Skills:
 * Level 1.5 Fighting
 + Level 2.0(2.4) Short Blades
 * Level 1.8(2.2) Long Blades
 + Level 2.7 Dodging
 + Level 5.2 Stealth
 + Level 2.3 Spellcasting
 * Level 5.4 Hexes
 + Level 1.0 Ice Magic


You had 3 spell levels left.
You knew the following spells:

 Your Spells              Type           Power      Damage    Failure   Level
a - Ensorcelled Hibernat  Hex/Ice        28%        N/A       7%          2
b - Confusing Touch       Hex            22%        N/A       5%          3

Your spell library contained the following spells:

 Spells                   Type           Power      Damage    Failure   Level
 Tukima's Dance           Hex            22%        N/A       5%          3
 Freeze                   Ice            24%        1d4       11%         1
 Dazzling Flash           Conj/Hex       24%        N/A       16%         3
 Sandblast                Erth           4%         2d4       17%         1
 Frozen Ramparts          Ice            12%        1d2       32%         3
 Hailstorm                Conj/Ice       4%         3d5       36%         3
 Passwall                 Erth           2%         N/A       45%         3
 Stone Arrow              Conj/Erth      4%         3d7       45%         3
 Brom's Barrelling Bould  Conj/Erth      2%         2d3       86%         4


Dungeon Overview and Level Annotations

Branches:
Dungeon (3/15)

Altars:


Innate Abilities, Weirdness & Mutations

Your natural rate of healing is accelerated.
You have razor-sharp teeth.
You have supernaturally acute eyesight. (SInv)
You are afflicted with vampirism and can become a bat while bloodless.


Message History

Aim: an orc, wielding a +0 whip and quivering boomerangs (chance to affect: 65%)
The orc looks drowsy...
The orc priest mumbles some strange prayers to Beogh against you.
Beogh smites you!
You are too injured to fight recklessly!
You are too injured to fight recklessly!
The helpless orc fails to defend itself.
You impale the orc!!
You kill the orc!
Casting: Ensorcelled Hibernation (safe; 7% risk of failure)
Confirm with . or Enter, or press ? or * to list all spells.
Aiming: Ensorcelled Hibernation (safe; 7% risk of failure)
Press: ? - help, Shift-Dir - straight line, f - orc
Aim: an orc, wielding a +0 club, wearing a +0 leather armour and quivering boomerangs (chance to affect: 65%)
The orc struggles to resist.
Unknown command.
Casting: Ensorcelled Hibernation (safe; 7% risk of failure)
Confirm with . or Enter, or press ? or * to list all spells.
Aiming: Ensorcelled Hibernation (safe; 7% risk of failure)
Press: ? - help, Shift-Dir - straight line, f/p - orc
Aim: an orc, wielding a +0 club, wearing a +0 leather armour and quivering boomerangs (chance to affect: 65%)
The orc struggles to resist.
The orc completely misses you.
Unknown command.
The orc throws a boomerang.
The boomerang misses you.
The orc priest invokes the aid of Beogh against you.
Beogh smites you!
* * * LOW HITPOINT WARNING * * *
Your magical contamination has completely faded away.
The orc priest miscasts a cantrip.
The orc throws a boomerang.
The boomerang hits you.
* * * LOW HITPOINT WARNING * * *
There is an open door here.
You close the door.
As you read the scroll of teleportation, it crumbles to dust.
You feel strangely unstable.
An orc opens the door.
The orc priest calls down the wrath of Beogh upon you.
Beogh smites you!
* * * LOW HITPOINT WARNING * * *
The orc throws a boomerang.
The boomerang hits you.
You die...

####. # ≈≈... . ####. ### #+#
### # ##.## ##.## ##.###
##...###...###...##
#.############.....#.....#.....#
......)....oo'.....'.....'.....'
..#########.##.@...#.....#.....#
#.###...###...###...##
###.##.##.##.##.##.##.
##...#'#...###...#+#..
+.....'..⌠..+..⌠..+...
##...#+#...### #'#..
##.##[##.##.## ##.##.
###...###...###...##
#.....#.....#.....#


You could see an orc priest and an orc.

Vanquished Creatures
  A hound (D:3)
  Robin (D:2)
  4 adders
  2 dart slugs (D:1)
  2 ribbon worms
  An orc (D:3)
  7 endoplasms
  A giant cockroach (D:1)
  13 goblins
  6 hobgoblins
  2 jackals (D:1)
  3 quokkas
  5 ball pythons
  4 bats
  7 frilled lizards
  7 kobolds
  4 rats (D:1)
70 creatures vanquished.

Notes
Turn   | Place    | Note
-------+----------+-------------------------------------------
     0 | D:1      | tilp the Vampire Enchanter began the quest for the Orb.
     0 | D:1      | Reached XP level 1. HP: 13/13 MP: 3/3
    70 | D:1      | Reached XP level 2. HP: 20/20 MP: 5/5
    75 | D:1      | Learned a level 2 spell: Ensorcelled Hibernation
   610 | D:1      | Reached skill level 1 in Long Blades
   644 | D:1      | Gained mutation: You are afflicted with vampirism and can
                  | become a bat while bloodless. [Vampire growth]
   644 | D:1      | Reached XP level 3. HP: 25/25 MP: 6/6
   648 | D:1      | Learned a level 3 spell: Confusing Touch
  1073 | D:2      | Noticed Robin
  1097 | D:2      | Killed Robin
  1107 | D:2      | Reached skill level 1 in Fighting
  1154 | D:2      | Reached skill level 5 in Hexes
  1466 | D:2      | Reached skill level 5 in Stealth
  1466 | D:2      | Reached XP level 4. HP: 32/32 MP: 4/7
  1797 | D:2      | Identified a scroll of acquirement
  1848 | D:3      | Reached skill level 1 in Ice Magic
  2109 | D:3      | Acquired a +1 cloak of willpower
  2165 | D:3      | Reached XP level 5. HP: 37/37 MP: 8/8
  2414 | D:3      | HP: 1/37 [orc priest/divine providence (14)]
  2415 | D:3      | Hit by a boomerang thrown by an orc

Illustrated notes

Levels and vault maps discovered:
D:1:      lightli_arrival_lavapool, layout_basic
D:2:      layout_loops_cross, minmay_fountain_box, uniq_robin
D:3:      lemuel_castle_with_subvaults [lemuel_castle_interior_carwin_1],
          layout_basic, kennysheep_small_spiral, serial_park_tiny_pond,
          nicolae_hexahallways, corexii_hall_statues_s, corexii_corridor_pit,
          kennysheep_generic_room_14

Skill      XL: |  1  2  3  4  5 |
---------------+----------------+-----
Long Blades    | 1 |  1.8
Fighting       | 1 |  1.5
Hexes          | 5 |  5.4
Stealth        | 5 |  5.2
Ice Magic      | 1 |  1.0
Short Blades   | 2 |  2.0
Dodging        | |  2.7
Spellcasting   | |  2.3

Action                     |  1- 3 |  4- 6 || total
---------------------------+-------+-------++-------
  Melee: Dagger            |   124 |    50 ||   174
         Bite              |    14 |     5 ||    19
         Punch             |     1 |     1 ||     2
  Throw: Dart              |     4 |       ||     4
   Cast: Ensorcelled Hiber |    14 |     9 ||    23
         Confusing Touch   |       |     1 ||     1
    Use: Scroll            |     6 |     3 ||     9
   Stab: Sleeping          |    14 |    15 ||    29
         Confused          |       |     1 ||     1
 Armour: Robe              |    53 |    12 ||    65
  Dodge: Dodged            |    71 |    34 ||   105

Table legend: (Time is in decaauts)
 A = Elapsed time spent in this place.
 B = Non-inter-level travel time spent in this place.
 C = Inter-level travel time spent in this place.
 D = Time resting spent in this place.
 E = Time spent auto-exploring this place.
 F = Levels seen in this place.
 G = Mean time per level.
                   A        B        C        D        E       F      G
               +--------+--------+--------+--------+--------+-----+--------+
         Total |   2398 |   2319 |     79 |    142 |   1662 |   3 |  799.3 |
       Dungeon |   2398 |   2319 |     79 |    142 |   1662 |   3 |  799.3 |
               +--------+--------+--------+--------+--------+-----+--------+

Top non-repeatable levels by time:
     D:1: 910 daAuts
     D:2: 887 daAuts
     D:3: 600 daAuts
